 Dungeon Crawl Stone Soup version 0.24.1-14-gf8d2b509d9 (webtiles) character file.

Game seed: 10929789162705071264, levelgen mode: deterministic

214284 KlarStein the Brawler (level 18, -7/147 HPs)
             Began as a Demonspawn Fighter on Sept 19, 2020.
             Was the Champion of Dithmenos.
             Splashed by an acid blob's acid (11 damage)
             ... on level 1 of the Pits of Slime.
             The game lasted 03:14:43 (29464 turns).

KlarStein the Brawler (Demonspawn Fighter)         Turns: 29464, Time: 03:14:44

Health: -7/147     AC: 12    Str: 21    XL:     18   Next: 29%
Magic:  23/23      EV: 20    Int:  9    God:    Dithmenos [******]
Gold:   1854       SH: 16    Dex: 17    Spells: 17/17 levels left

rFire    + + .     SeeInvis .     - Unarmed
rCold    + + .     Gourm    .   t - +2 shield of Resistance {rF+ rC+ MR+}
rNeg     . . .     Faith    .   N - +6 chain mail {rC+}
rPois    .         Spirit   .   l - +2 hat
rElec    .         Reflect  +   B - +2 cloak {MR+}
rCorr    .         Harm     .   (no gloves)
MR       +++..                  (no boots)
Stlth    +++++.....             L - +2 amulet of reflection
HPRegen  0.34/turn              o - +5 ring of protection
MPRegen  0.18/turn              T - +6 ring of evasion

@: corroded, wreathed by umbra
A: claws 2, horns 2, talons 2, fire resistance 1, nightstalker 1, powered by
death 3, flame cloud immunity
}: 1/15 runes: gossamer
a: Shadow Step, Shadow Form, Renounce Religion


You were on level 1 of the Pits of Slime.
You worshipped Dithmenos.
Dithmenos was exalted by your worship.
You were not hungry.

You visited 7 branches of the dungeon, and saw 29 of its levels.
You also visited: Ice Cave.

You collected 2534 gold pieces.
You spent 680 gold pieces at shops.

Inventory:

Hand Weapons
 a - a +7 long sword of flaming
Missiles
 e - a boomerang of dispersal (quivered)
 p - 2 throwing nets
 G - 8 curare-tipped darts
Armour
 l - a +2 hat (worn)
 m - +1 ice dragon scales
 t - the +2 shield of Resistance (worn) {rF+ rC+ MR+}
   (You found it on level 10 of the Dungeon)

   It protects you from fire.
   It protects you from cold.
   It affects your resistance to hostile enchantments.
 A - the +2 robe of the Unbroken {rF+ rC+ MR+ Regen+}
   (You found it on level 2 of the Spider Nest)

   It protects you from fire.
   It protects you from cold.
   It affects your resistance to hostile enchantments.
   It increases your rate of regeneration.
 B - a +2 cloak of magic resistance (worn)
 K - the +10 scale mail "Niyryimil" {Dex+2}
   (You found it in an ice cave)

   It affects your dexterity (+2).
 N - a +6 chain mail of cold resistance (worn)
Jewellery
 c - the ring "Sesuinn" {rN+ MR+ MP+9 Dex+3 SInv}
   (You acquired it on level 4 of the Spider Nest)

   [ring of see invisible]

   It affects your dexterity (+3).
   It protects you from negative energy.
   It affects your resistance to hostile enchantments.
   It affects your magic capacity (+9).
   It lets you see invisible.
 h - the ring "Usoot" {*Corrode rC+ rN++ Int+4}
   (You found it on level 3 of the Elven Halls)

   [ring of protection from cold]

   It affects your intelligence (+4).
   It protects you from cold.
   It greatly protects you from negative energy.
   It may corrode you when you take damage.
 j - an uncursed ring of poison resistance
 o - a +5 ring of protection (left claw)
 q - the amulet "Leaziam" {Acrobat -Tele rElec rF+++ Stlth+}
   (You found it on level 3 of the Elven Halls)

   [amulet of the acrobat]

   It helps you evade while moving and waiting.
   It renders you almost immune to fire.
   It insulates you from electricity.
   It prevents most forms of teleportation.
   It makes you more stealthy.
 z - an uncursed ring of ice
 L - a +2 amulet of reflection (around neck)
 P - an uncursed amulet of guardian spirit
 T - a +6 ring of evasion (right claw)
 W - an uncursed ring of flight
Wands
 g - a wand of disintegration (7)
 s - a wand of enslavement (5)
 v - a wand of paralysis (11)
 y - a wand of polymorph (16)
 D - a wand of scattershot (4)
 J - a wand of acid (20)
 O - a wand of digging (7)
 Q - a wand of iceblast (18)
Scrolls
 b - 5 scrolls of magic mapping
 k - a scroll of teleportation
 n - 2 scrolls of vulnerability
 r - 16 scrolls of remove curse
 u - a scroll of summoning
 E - 2 scrolls of silence
 I - 9 scrolls of identify
 M - 2 scrolls of fog
 Y - a scroll of blinking
Potions
 d - 3 potions of might
 i - a potion of heal wounds
 w - 5 potions of flight
 x - a potion of resistance
 C - a potion of mutation {unknown}
 H - a potion of haste
 R - 3 potions of cancellation
 S - 8 potions of ambrosia
 U - 4 potions of curing
 V - 3 potions of magic
 X - a potion of berserk rage
 Z - a potion of invisibility
Miscellaneous
 F - a crystal ball of energy
Comestibles
 f - 57 rations


   Skills:
 + Level 14.6 Fighting
 - Level 2.4 Long Blades
 - Level 10.1 Armour
 + Level 11.5 Dodging
 + Level 11.5 Stealth
 - Level 10.1 Shields
 * Level 17.9 Unarmed Combat
 - Level 7.4 Invocations


You had 17 spell levels left.
You didn't know any spells.
Your spell library contained the following spells:

 Spells                   Type           Power        Failure   Level  Hunger
 Animate Skeleton         Necr           N/A          99%         1    ##.....
 Confusing Touch          Hex            #.....       99%         1    ##.....
 Corona                   Hex            #......      99%         1    ##.....
 Flame Tongue             Conj/Fire      #....        99%         1    ##.....
 Infusion                 Chrm           #...         99%         1    ##.....
 Pain                     Necr           #...         99%         1    ##.....
 Sting                    Conj/Pois      #...         99%         1    ##.....
 Blink                    Tloc           N/A          100%        2    ###....
 Corpse Rot               Necr           N/A          100%        2    ###....
 Ensorcelled Hibernation  Hex/Ice        #.....       100%        2    ###....
 Poisonous Vapours        Pois/Air       #.....       100%        2    ###....
 Shroud of Golubria       Chrm/Tloc      #.....       100%        2    ###....
 Song of Slaying          Chrm           #.......     100%        2    ###....
 Throw Flame              Conj/Fire      #.....       100%        2    ###....
 Call Canine Familiar     Summ           #.......     100%        3    ####...
 Confuse                  Hex            #.......     100%        3    ####...
 Conjure Flame            Conj/Fire      #.......     100%        3    ####...
 Dazzling Spray           Conj/Hex       #.....       100%        3    ####...
 Gell's Gravitas          Tloc           #.........   100%        3    ####...
 Inner Flame              Hex/Fire       #.......     100%        3    ####...
 Lesser Beckoning         Tloc           #.........   100%        3    ####...
 Mephitic Cloud           Conj/Pois/Air  #.......     100%        3    ####...
 Ozocubu's Armour         Chrm/Ice       #.......     100%        3    ####...
 Regeneration             Chrm/Necr      #.........   100%        3    ####...
 Spectral Weapon          Hex/Chrm       #.......     100%        3    ####...
 Teleport Other           Tloc           #.......     100%        3    ####...
 Tukima's Dance           Hex            #.......     100%        3    ####...
 Vampiric Draining        Necr           #.........   100%        3    ####...
 Animate Dead             Necr           N/A          100%        4    #####..
 Olgreb's Toxic Radiance  Pois           #.......     100%        4    #####..
 Passage of Golubria      Tloc           N/A          100%        4    #####..
 Petrify                  Tmut/Erth      #.......     100%        4    #####..
 Sticky Flame             Conj/Fire      #.......     100%        4    #####..
 Agony                    Necr           #.......     100%        5    ######.
 Borgnjor's Vile Clutch   Necr/Erth      #.........   100%        5    ######.
 Excruciating Wounds      Chrm/Necr      #.........   100%        5    ######.
 Fireball                 Conj/Fire      #.........   100%        5    ######.
 Metabolic Englaciation   Hex/Ice        #.........   100%        5    ######.
 Silence                  Hex/Air        #.........   100%        5    ######.
 Summon Mana Viper        Hex/Summ       #.......     100%        5    ######.
 Venom Bolt               Conj/Pois      #.........   100%        5    ######.
 Yara's Violent Unravell  Hex/Tmut       #.........   100%        5    ######.
 Darkness                 Hex            #.........   100%        6    #######
 Shadow Creatures         Summ           N/A          100%        6    #######


Dungeon Overview and Level Annotations

Branches:
Dungeon (12/15)            Temple (1/1) D:5            Lair (6/6) D:8
 Shoals (0/4) Lair:3       Spider (4/4) Lair:3        Slime (1/5) Lair:6
    Orc (2/2) D:12            Elf (3/3) Orc:2         IceCv (visited)

Altars:
Ashenzari
Cheibriados
Dithmenos
Elyvilon
Fedhas
Gozag
Hepliaklqana
Kikubaaqudgha
Makhleb
Nemelex Xobeh
Okawaru
Qazlal
Ru
Sif Muna
Uskayaw
Vehumet
Wu Jian
Xom
Yredelemnul
Zin
The Shining One
Beogh
Jiyva

Shops:
Orc:2 %%:(   Elf:1 %   Elf:2 *}%(   Elf:3 (

Portals:
Trove: Elf:1 (give 8 potions of haste)

Annotations:
D:10 1 runed translucent door


Innate Abilities, Weirdness & Mutations

You have very sharp fingernails.
You have a pair of horns on your head.
You have razor-sharp toenails.
Your flesh is heat resistant. (rF+)
You are slightly more attuned to the shadows.
You regenerate a lot of health from kills.
You are immune to clouds of flame.


Message History

Two slime creatures merge to form a very large slime creature.
You block the slime creature's attack.
The enormous slime creature completely misses you.
The acid blob spits acid at you. The splash of acid hits you!!
The acid corrodes you!
You are splashed with acid!
Two slime creatures merge to form a large slime creature.
The acid blob spits acid at you. The splash of acid hits you!
The acid corrodes you!
You are splashed with acid!
* * * LOW HITPOINT WARNING * * *
The acid blob spits acid at you. The splash of acid hits you!
* * * LOW HITPOINT WARNING * * *
You emit a cloud of dark smoke.
You are splashed with acid!
* * * LOW HITPOINT WARNING * * *
The acid blob spits acid at you. The splash of acid hits you!
* * * LOW HITPOINT WARNING * * *
You are splashed with acid!
You die...

#........# ####J.....##
##.#.......# #..JJ......#
###.....J.....#
##.......#..#... ##
#.......#.^....# #..
##....§§.#.##...
.#.#####...§@§.### #.
.....#.#...§§§.### ###
.................#######.##
...#................##....#
..........................#
.............<.......#.#.## .
#..............#..#.#§§§§§#..
........................§§...
...#..>................§§##..


You could see an acid blob and 2 large slime creatures.

Vanquished Creatures
  Arachne (Spider:3)
  Jorgrun (Spider:3)
  Rupert (Lair:5)
  2 deep elf blademasters (Elf:3)
  2 deep elf master archers (Elf:3)
  An acid blob (Slime:1)
  Frances (Spider:1)
  Gastronok (Lair:1)
  5 deep elf sorcerers (Elf:3)
  Louise (Spider:4)
  6 ghost moths
  7 emperor scorpions
  3 deep elf elementalists
  3 deep elf demonologists (Elf:3)
  7 deep elf annihilators
  3 spark wasps (Spider:4)
  6 deep elf death magi
  The ghost of peterlawrence the Cleaver, a journeyman MiFi of Okawaru (Orc:2)
  2 fire dragons (D:10)
  3 hydras
  5 deep elf high priests
  A naga warrior (Orc:1)
  Fannar (Lair:3)
  2 ice dragons (D:10)
  A catoblepas (Lair:6)
  4 ogre magi (Orc:2)
  A centaur warrior (Orc:1)
  15 two-headed ogres
  23 dancing weapons
  A deep troll shaman (Lair:6)
  3 death yaks (Lair:6)
  2 tengu warriors
  Sonja (Lair:4)
  14 deep elf knights
  An orc high priest (Elf:2)
  16 deep elf archers
  17 orb spiders
  A necromancer (IceCv)
  An orc knight (Orc:1)
  An orc sorcerer (Orc:2)
  54 deep elf magi
  24 wolf spiders
  A cyclops (Orc:1)
  2 moths of wrath (Spider:2)
  A centaur zombie (D:11)
  Maurice (D:10)
  11 elephants
  3 ice statues (IceCv)
  Joseph (D:10)
  6 black mambas
  12 spiny frogs
  A kobold demonologist (D:8)
  11 komodo dragons
  7 ice devils (IceCv)
  3 rime drakes
  11 demonic crawlers
  A troll (D:11)
  35 jumping spiders
  A polar bear (Lair:6)
  4 blink frogs (Lair:1)
  6 hornets
  12 slime creatures (Slime:1)
  A raiju (shapeshifter) (Elf:2)
  8 hippogriffs
  A shadow (D:11)
  An air elemental (Elf:1)
  A wraith (D:12)
  69 redbacks
  16 tarantellas
  4 water elementals
  29 yaks
  4 basilisks
  3 hogs (D:8)
  A wyvern (Lair:5)
  A human (D:8)
  3 fire elementals
  4 hungry ghosts
  A steam dragon (D:11)
  10 wargs
  13 water moccasins
  7 porcupines
  An ice beast (D:7)
  3 sky beasts
  12 orc warriors
  4 phantoms
  2 centaurs
  35 ogres
  19 wolves
  10 crocodiles
  10 big kobolds (D:8)
  13 bullfrogs
  An earth elemental (Elf:1)
  6 scorpions
  3 killer bees (D:9)
  5 electric eels
  4 howler monkeys
  A lava snake (D:9)
  4 crimson imps
  A bullfrog zombie (D:11)
  3 hounds
  2 quasits
  2 draconian simulacra (IceCv)
  11 orc priests
  3 jellies
  21 orc wizards
  A bullfrog skeleton (D:12)
  3 centaur skeletons
  Crazy Yiuf (D:6)
  5 iguanas
  6 worker ants
  A spriggan simulacrum (IceCv)
  2 troll simulacra (IceCv)
  A centaur simulacrum (IceCv)
  2 worker ant zombies
  3 naga simulacra (IceCv)
  12 adders
  An ogre simulacrum (IceCv)
  5 shadow imps
  2 oozes
  An adder zombie (D:6)
  An adder skeleton (D:6)
  8 worms
  4 leopard geckos
  49 orcs
  5 bats
  8 giant cockroaches
  11 goblins
  5 hobgoblins
  8 jackals
  8 quokkas
  3 ball pythons
  7 frilled lizards
  18 kobolds
  3 leopard gecko skeletons
  A leopard gecko zombie (D:5)
  A quokka zombie (D:9)
  9 rats
924 creatures vanquished.

Vanquished Creatures (others)
  A deep elf knight (Elf:1)
  4 fungi
  7 plants (Lair:6)
12 creatures vanquished.

Grand Total: 936 creatures vanquished

Notes
Turn   | Place    | Note
-------+----------+-------------------------------------------
     0 | D:1      | KlarStein the Demonspawn Fighter began the quest for the
                  | Orb.
     0 | D:1      | Reached XP level 1. HP: 18/18 MP: 1/1
   132 | D:1      | Gained mutation: You have a pair of small horns on your
                  | head. [demonic ancestry]
   132 | D:1      | Reached XP level 2. HP: 24/24 MP: 2/2
   836 | D:2      | Gained mutation: You have sharp fingernails. [demonic
                  | ancestry]
   836 | D:2      | Reached XP level 3. HP: 24/29 MP: 3/3
   870 | D:2      | Found a stormy altar of Qazlal.
  1113 | D:2      | Found an ornate altar of the Wu Jian Council.
  1214 | D:2      | Found a radiant altar of Vehumet.
  1729 | D:3      | Reached skill level 1 in Unarmed Combat
  1830 | D:3      | You fall into a shaft and drop 2 floors!
  1830 | D:5      | Entered Level 5 of the Dungeon
  1877 | D:4      | Reached XP level 4. HP: 2/35 MP: 4/4
  2347 | D:4      | Got a warped ring mail
  2383 | D:3      | Reached skill level 2 in Unarmed Combat
  2383 | D:3      | Gained mutation: You regenerate a little health from kills.
                  | [demonic ancestry]
  2383 | D:3      | Reached XP level 5. HP: 38/42 MP: 5/5
  2968 | D:3      | Gained mutation: You have sharp toenails. [demonic
                  | ancestry]
  2968 | D:3      | Reached XP level 6. HP: 48/48 MP: 6/6
  2979 | D:3      | Identified the +4 ring mail of Tartarus {rF++ Int+2} (You
                  | found it on level 4 of the Dungeon)
  3243 | D:5      | Reached skill level 3 in Unarmed Combat
  3369 | D:5      | Got a shadowed robe
  3386 | D:5      | Identified the cursed +1 robe of Knowledge {MP+9} (You
                  | found it on level 5 of the Dungeon)
  3422 | D:5      | Found a staircase to the Ecumenical Temple.
  3446 | Temple   | Entered the Ecumenical Temple
  3474 | Temple   | Became a worshipper of Dithmenos the Shadowed
  3801 | D:5      | Gained mutation: You have very sharp fingernails. [demonic
                  | ancestry]
  3801 | D:5      | Reached XP level 7. HP: 55/55 MP: 7/7
  3827 | D:5      | Reached skill level 1 in Dodging
  3827 | D:5      | Reached skill level 4 in Unarmed Combat
  3839 | D:5      | Found a glowing golden altar of the Shining One.
  4032 | D:5      | Reached skill level 5 in Fighting
  4135 | D:6      | Gained mutation: You are slightly more attuned to the
                  | shadows. [demonic ancestry]
  4135 | D:6      | Reached XP level 8. HP: 60/62 MP: 8/8
  4412 | D:6      | Reached skill level 5 in Unarmed Combat
  4815 | D:6      | Found a runed translucent door.
  4816 | D:6      | Noticed Crazy Yiuf
  4822 | D:6      | Killed Crazy Yiuf
  4822 | D:6      | Reached * piety under Dithmenos
  4889 | D:7      | Noticed a hippogriff
  4895 | D:7      | Killed a hippogriff
  4936 | D:7      | Reached skill level 6 in Unarmed Combat
  5508 | D:8      | Got a glittering copper ring
  5509 | D:8      | Identified the ring of the Slug {+Inv rElec Str-4 SInv}
                  | (You found it on level 8 of the Dungeon)
  5568 | D:8      | Reached skill level 5 in Dodging
  5664 | D:8      | Found a staircase to the Lair.
  5682 | D:8      | Gained mutation: You have razor-sharp toenails. [demonic
                  | ancestry]
  5682 | D:8      | Reached XP level 9. HP: 66/69 MP: 9/9
  5854 | D:8      | Found an iron altar of Okawaru.
  5922 | D:8      | Noticed a kobold demonologist
  5937 | D:8      | Killed a kobold demonologist
  5937 | D:8      | Reached skill level 7 in Unarmed Combat
  5983 | D:8      | Reached ** piety under Dithmenos
  6271 | D:8      | Reached skill level 8 in Unarmed Combat
  6289 | D:8      | Gained mutation: You have a pair of horns on your head.
                  | [demonic ancestry]
  6289 | D:8      | Reached XP level 10. HP: 74/79 MP: 10/10
  6422 | Lair:1   | Entered Level 1 of the Lair of Beasts
  6426 | Lair:1   | Found a frozen archway.
  6431 | Lair:1   | Reached skill level 1 in Invocations
  6456 | Lair:1   | Noticed Gastronok
  6472 | Lair:1   | Killed Gastronok
  6472 | Lair:1   | Reached skill level 9 in Unarmed Combat
  6759 | Lair:1   | Identified a scroll of acquirement
  6763 | Lair:1   | Got a pitted brass amulet
  6764 | Lair:1   | Identified the amulet "Dyca" {rPois rF+ Regen+ Str+2 Dex-4}
                  | (You acquired it on level 1 of the Lair of Beasts)
  6779 | IceCv    | Entered an ice cave
  6823 | IceCv    | Noticed an ice statue
  6823 | IceCv    | Noticed an ice statue
  6832 | IceCv    | Killed an ice statue
  6832 | IceCv    | Reached skill level 5 in Armour
  6832 | IceCv    | Reached skill level 5 in Shields
  6847 | IceCv    | Killed an ice statue
  6932 | IceCv    | Reached XP level 11. HP: 84/86 MP: 14/14
  7003 | IceCv    | Reached *** piety under Dithmenos
  7261 | IceCv    | Noticed a necromancer
  7269 | IceCv    | Killed a necromancer
  7269 | IceCv    | Reached skill level 10 in Unarmed Combat
  7279 | IceCv    | Got a jewelled scale mail
  7323 | IceCv    | Identified the +10 scale mail "Niyryimil" {Dex+2} (You
                  | found it in an ice cave)
  8698 | Lair:2   | Reached skill level 11 in Unarmed Combat
  9007 | Lair:3   | Found a hole to the Spider Nest.
  9023 | Lair:3   | Reached **** piety under Dithmenos
  9056 | Lair:3   | Noticed Fannar
  9080 | Lair:3   | Killed Fannar
  9080 | Lair:3   | Gained mutation: You regenerate health from kills. [demonic
                  | ancestry]
  9080 | Lair:3   | Reached XP level 12. HP: 83/95 MP: 15/15
  9654 | Lair:3   | Found a staircase to the Shoals.
  9736 | Lair:4   | Noticed Sonja
 10467 | Lair:4   | Found the +8 whip "Snakebite" {curare, rPois}
 10618 | Lair:4   | Killed Sonja
 11089 | Lair:5   | Reached skill level 10 in Fighting
 11107 | Lair:5   | Reached skill level 12 in Unarmed Combat
 11126 | Lair:5   | Reached skill level 1 in Stealth
 11167 | Lair:5   | Noticed a five-headed hydra
 11180 | Lair:5   | Killed a five-headed hydra
 11230 | Lair:5   | Reached ***** piety under Dithmenos
 11278 | Lair:5   | Noticed a seven-headed hydra
 11291 | Lair:5   | Killed a seven-headed hydra
 11338 | Lair:5   | Noticed Rupert
 11356 | Lair:5   | Killed Rupert
 11356 | Lair:5   | Gained mutation: You regenerate a lot of health from kills.
                  | [demonic ancestry]
 11356 | Lair:5   | Reached XP level 13. HP: 50/104 MP: 16/16
 11965 | Lair:6   | Entered Level 6 of the Lair of Beasts
 12274 | Lair:6   | Reached skill level 13 in Unarmed Combat
 12602 | Lair:6   | Found a viscous altar of Jiyva.
 12603 | Lair:6   | Found a staircase to the Slime Pits.
 12862 | Lair:6   | Reached skill level 5 in Stealth
 13453 | D:9      | Reached ****** piety under Dithmenos
 14235 | D:10     | Entered Level 10 of the Dungeon
 14329 | D:10     | Noticed Joseph
 14335 | D:10     | Killed Joseph
 14552 | D:10     | Found a runed translucent door.
 14552 | D:10     | Noticed a fire dragon
 14555 | D:10     | Found the +2 shield of Resistance {rF+ rC+ MR+}
 14557 | D:10     | Noticed a fire dragon
 14652 | D:10     | Killed a fire dragon
 14662 | D:10     | Killed a fire dragon
 14662 | D:10     | Reached XP level 14. HP: 58/113 MP: 3/17
 14706 | D:10     | Found a runed translucent door.
 14977 | D:10     | Noticed Maurice
 14985 | D:10     | Killed Maurice
 15660 | D:12     | Got a crude leather armour
 15672 | D:12     | Identified the +1 leather armour of Xaocroy {rElec} (You
                  | found it on level 12 of the Dungeon)
 15801 | D:12     | Found a staircase to the Orcish Mines.
 16159 | Orc:1    | Entered Level 1 of the Orcish Mines
 16199 | Orc:2    | Entered Level 2 of the Orcish Mines
 16386 | Orc:2    | Found a roughly hewn altar of Beogh.
 16555 | Orc:2    | Reached skill level 5 in Invocations
 16613 | Orc:2    | Reached skill level 14 in Unarmed Combat
 16655 | Orc:2    | Reached skill level 10 in Dodging
 16710 | Orc:2    | Found Igushrim's Antique Weapon Emporium.
 16710 | Orc:2    | Found Gyqed's Book Boutique.
 16711 | Orc:2    | Found Joalan's Food Boutique.
 16711 | Orc:2    | Found Xonefoelu's Food Shoppe.
 16940 | Orc:2    | Found a staircase to the Elven Halls.
 17115 | Orc:1    | Found a runed translucent gate.
 17116 | Orc:1    | Found a runed translucent gate.
 17117 | Orc:1    | Found a runed translucent gate.
 17118 | Orc:1    | Noticed peterlawrence's ghost (journeyman MiFi)
 17272 | Orc:2    | Killed peterlawrence's ghost
 17419 | Orc:1    | Found an iron altar of Okawaru.
 17866 | Orc:1    | You fall into a shaft and drop 1 floor!
 17957 | Elf:1    | Entered Level 1 of the Elven Halls
 18053 | Elf:1    | Gained mutation: Your flesh is heat resistant. (rF+)
                  | [demonic ancestry]
 18053 | Elf:1    | Reached XP level 15. HP: 109/120 MP: 18/20
 19012 | Elf:1    | Found a shimmering blue altar of Sif Muna.
 19136 | Elf:1    | Found Ybriaj's Food Emporium.
 19160 | Elf:1    | Found a portal to a secret trove of treasure.
 19524 | Elf:1    | Reached skill level 15 in Unarmed Combat
 19742 | Elf:2    | Found Moluwnan's Food Emporium.
 19745 | Elf:2    | Found Zios's Antique Weapon Emporium.
 19745 | Elf:2    | Found Jimmaaxt's Assorted Antiques.
 19750 | Elf:2    | Found Muddis's Gadget Shoppe.
 19793 | Elf:2    | Bought a potion of curing for 102 gold pieces
 19793 | Elf:2    | Bought a potion of might for 136 gold pieces
 19793 | Elf:2    | Bought a potion of heal wounds for 170 gold pieces
 19793 | Elf:2    | Bought a potion of curing for 102 gold pieces
 19793 | Elf:2    | Bought a cabochon ring for 170 gold pieces
 19845 | Elf:2    | Found a radiant altar of Vehumet.
 20190 | Elf:2    | Found a runed translucent gate.
 20190 | Elf:2    | Found a runed translucent gate.
 20191 | Elf:2    | Found a runed translucent gate.
 21040 | Elf:2    | Reached XP level 16. HP: 129/129 MP: 17/21
 21605 | Elf:3    | Entered Level 3 of the Elven Halls
 21771 | Elf:3    | Found Uleschem's Weapon Boutique.
 22463 | Elf:3    | Identified the Collected Works on Helpful Companions
 22468 | Elf:3    | Noticed a deep elf master archer
 22469 | Elf:3    | Noticed a deep elf blademaster
 22781 | Elf:3    | Noticed a deep elf master archer
 22793 | Elf:3    | Killed a deep elf blademaster
 22793 | Elf:3    | Reached skill level 16 in Unarmed Combat
 23076 | Elf:3    | Killed a deep elf master archer
 23236 | Elf:3    | Noticed a deep elf blademaster
 23274 | Elf:3    | Killed a deep elf blademaster
 23848 | Elf:3    | Killed a deep elf master archer
 23873 | Elf:3    | Reached skill level 10 in Shields
 23919 | Elf:3    | Reached skill level 10 in Armour
 23954 | Elf:3    | Noticed an Ice Fiend
 23955 | Elf:3    | Gained mutation: You are immune to clouds of flame.
                  | [demonic ancestry]
 23955 | Elf:3    | Reached XP level 17. HP: 66/137 MP: 9/22
 24036 | Elf:3    | Got a crude turquoise ring
 24037 | Elf:3    | Identified the ring "Usoot" {*Corrode rC+ rN++ Int+4} (You
                  | found it on level 3 of the Elven Halls)
 24046 | Elf:3    | Got a transparent copper amulet
 24047 | Elf:3    | Identified the amulet "Leaziam" {Acrobat -Tele rElec rF+++
                  | Stlth+} (You found it on level 3 of the Elven Halls)
 24088 | Elf:3    | Identified Pod Imet's Incunabulum of Good Luck and
                  | Necromancy
 24667 | Spider:1 | Entered Level 1 of the Spider Nest
 24679 | Spider:1 | Reached skill level 10 in Stealth
 25484 | Spider:1 | Noticed Frances
 25702 | Spider:1 | Killed Frances
 26426 | Spider:2 | Reached skill level 17 in Unarmed Combat
 26766 | Spider:2 | Got an ancient robe
 26777 | Spider:2 | Identified the +2 robe of the Unbroken {rF+ rC+ MR+ Regen+}
                  | (You found it on level 2 of the Spider Nest)
 27210 | Spider:3 | Noticed Arachne
 27231 | Spider:3 | Killed Arachne
 27390 | Spider:3 | Noticed Jorgrun
 27404 | Spider:3 | Killed Jorgrun
 27676 | Spider:4 | Entered Level 4 of the Spider Nest
 27784 | Spider:4 | Noticed Louise
 27790 | Spider:4 | Killed Louise
 28214 | Spider:4 | Reached XP level 18. HP: 117/147 MP: 8/23
 28521 | Spider:4 | Got a fine bone ring
 28523 | Spider:4 | Identified the ring "Sesuinn" {rN+ MR+ MP+9 Dex+3 SInv}
                  | (You acquired it on level 4 of the Spider Nest)
 28858 | Spider:4 | Got a gossamer rune of Zot
 29286 | Slime:1  | Entered Level 1 of the Pits of Slime
 29464 | Slime:1  | HP: 4/147 [acid blob/splash of acid (9)]
 29464 | Slime:1  | Splashed by an acid blob's acid

Levels and vault maps discovered:
D:1:      scummos_arrival_simple_crosswalls, layout_basic, minmay_liquid_box,
          minmay_pentomino_w4
D:2:      layout_rooms, lemuel_round_altar, lemuel_doored_altar,
          nicolae_overflow_hidden_temple, nicolae_qazlal_general_emergency,
          first_ration
D:3:      layout_rooms
D:4:      layout_basic
D:5:      layout_rooms, old_standard_altar, minmay_temple_entry_gardened_gates,
          serial_bayou_pond_c, minmay_misc_feat_secret_circle,
          minmay_diced_spiral
D:6:      layout_basic, columned_hall_lemuel, uniq_crazy_yiuf_cottage
D:7:      layout_basic
D:8:      layout_loops_cross, old_standard_altar, erik_lair_orcish_takeover,
          special_room [special_room_kobold], minmay_misc_feat_room,
          grunt_livestock
D:9:      layout_long_grid, kennysheep_donut
D:10:     layout_gridville, minmay_guarded_unrand_resistance, uniq_maurice,
          uniq_joseph
D:11:     layout_rooms, kennysheep_generic_room_9
D:12:     layout_roguey, minmay_orc_entry_guard_dogs, grunt_ministairs_11
Temple:   lightli_temple_of_artemis
Lair:1:   layout_hall_layers, portal_ice_cave_entry_pillars_1, uniq_gastronok
Lair:2:   layout_misc_corridors, serial_bayou_pond_e
Lair:3:   layout_roguey, elwin_shoals_entry_rooms,
          nicolae_spider_entry_non_spiders, patterned_corridor, uniq_fannar
Lair:4:   minmay_guarded_unrand_snakebite, layout_cave_shapes,
          lemuel_fruit_tree, serial_bayou_shore_a, infiniplex_staircase_pool,
          uniq_sonja
Lair:5:   layout_regular_city, uniq_rupert
Lair:6:   grunt_lair_end_beastmaster, layout_loops_ring,
          dpeg_slime_entry_enclosed_altar, serial_bayou_shore_b,
          grunt_megastairs_5
Spider:1: layout_spider_delve, uniq_frances
Spider:2: layout_spider_delve
Spider:3: layout_spider_delve, uniq_arachne, uniq_jorgrun
Spider:4: grunt_spider_rune_parallel, guppyfry_spider_mini_1, uniq_louise
Slime:1:  layout_caves
Orc:1:    layout_diamond_mine, gammafunk_ghost_fury_of_okawaru
Orc:2:    st_orc_ogre_mass, layout_caves, basic_altar
Elf:1:    elf_arrival_002, layout_loops_cross, basic_altar, serial_shops, shop,
          nicolae_trove_entry_crossroad, hangedman_elf_represent
Elf:2:    layout_geoelf_diagonals, basic_altar, minmay_shoptagon
Elf:3:    minmay_elf_hall_curves, layout_geoelf_diagonals, serial_shops,
          nicolae_shop_behind_doors, grunt_megastairs_3

Skill      XL: |  1  2  3  4  5  6  7  8  9 10 11 12 13 14 15 16 17 |
---------------+----------------------------------------------------+-----
Long Blades    | 2 |  2.4
Armour         | 3 4 5 6 7 9 10 | 10.1
Shields        | 3 4 5 6 7 9 10 | 10.1
Unarmed Combat | 1 2 3 4 6 8 9 11 12 13 14 15 16 17 | 17.9
Fighting       | 4 5 6 7 8 9 10 11 12 13 14 | 14.6
Dodging        | 2 5 7 9 10 11 | 11.5
Invocations    | 4 6 7 |  7.4
Stealth        | 3 5 7 8 9 11 | 11.5

Action                   |  1- 3 |  4- 6 |  7- 9 | 10-12 | 13-15 | 16-18 || total
-------------------------+-------+-------+-------+-------+-------+-------++-------
Melee: Long sword        |    79 |       |       |       |       |       ||    79
       Headbutt          |    27 |    20 |    51 |   121 |   270 |   284 ||   773
       Unarmed           |   108 |   131 |   284 |   592 |  1229 |  1143 ||  3487
       Kick              |       |    25 |    78 |   203 |   410 |   412 ||  1128
Invok: Shadow Step       |       |       |       |       |     1 |     2 ||     3
Evoke: Wand              |       |       |     5 |       |       |       ||     5
  Use: Scroll            |       |    15 |     3 |     8 |    16 |    23 ||    65
       Potion            |       |       |     2 |     9 |    12 |     5 ||    28
 Stab: Paralysed         |       |       |     7 |       |       |       ||     7
       Sleeping          |       |       |     4 |     3 |    16 |    17 ||    40
       Distracted        |       |       |     1 |       |     2 |     6 ||     9
       Held in net/web   |       |       |       |       |       |     1 ||     1
  Eat: Chunk             |     3 |     5 |     6 |    14 |    31 |    22 ||    81
       Ration            |       |       |     1 |     1 |     1 |     2 ||     5
Armor: Scale mail        |    13 |       |       |   129 |   108 |    87 ||   337
       Ice dragon scales |    69 |    38 |       |    33 |       |       ||   140
       Ring mail         |       |    23 |    82 |    25 |       |       ||   130
       Chain mail        |       |       |       |    17 |   272 |   349 ||   638
       Skin              |       |       |       |     2 |       |       ||     2
Dodge: Dodged            |    43 |    23 |   114 |   241 |   532 |   833 ||  1786
Block: Shield            |    93 |    52 |    98 |   253 |   632 |   942 ||  2070
       Reflection        |       |       |       |       |       |     1 ||     1
       Rpst.: Long sword |    10 |       |       |       |       |       ||    10
